 Dungeon Crawl Stone Soup version 0.20.0-8-g6b59dc7 (webtiles) character file.

63 Rrauwl the Skirmisher (level 3, -7/36 HPs)
             Began as a Troll Assassin on May 31, 2017.
             Killed from afar by Sigmund (11 damage)
             ... with a puff of flame
             ... on level 2 of the Dungeon on June 1, 2017.
             The game lasted 00:04:49 (899 turns).

Rrauwl the Skirmisher (Troll Assassin)               Turns: 899, Time: 00:04:49

Health: -7/36      AC:  6    Str: 19    XL:     3   Next: 89%
Magic:  2/2        EV: 12    Int:  7    God:
Gold:   85         SH:  0    Dex: 12    Spells: 2/2 levels left

rFire    . . .     SeeInvis .   (no weapon)
rCold    . . .     Gourm    +   (no shield)
rNeg     . . .     Faith    .   c - +0 robe
rPois    .         Spirit   .   (helmet restricted)
rElec    .         Reflect  .   d - +0 cloak
rCorr    .         Harm     .   (gloves unavailable)
MR       .....                  (boots unavailable)
Stlth    ++........             n - amulet of magic regeneration
Regen    0.6/turn               k - +3 ring of evasion
MPRegen  0.2/turn               (no ring)

@: no status effects
A: unfitting armour, claws 3, fast metabolism 3, gourmand, regeneration 1,
shaggy fur 1, tough skin 2
a: no special abilities


You were on level 2 of the Dungeon.
You were completely stuffed.

You visited 1 branch of the dungeon, and saw 2 of its levels.

You collected 85 gold pieces.

Inventory:

Hand Weapons
 b - a +0 blowgun
Armour
 c - a +0 robe (worn)
 d - a +0 cloak (worn)
Jewellery
 k - a +3 ring of evasion (left claw)
 n - an amulet of magic regeneration (around neck)
Scrolls
 a - 4 scrolls of identify {unknown}
 h - 2 scrolls of teleportation {unknown}
 i - 4 scrolls of recharging {unknown}
Potions
 m - a potion of flight
Comestibles
 g - 2 bread rations
 j - a royal jelly


   Skills:
 + Level 2.6 Fighting
   Level 1.5 Short Blades
 - Level 2.0 Throwing
 + Level 1.4 Armour
 - Level 1.1 Dodging
 - Level 2.1 Stealth


You had 2 spell levels left.
You didn't know any spells.

Dungeon Overview and Level Annotations

Branches:
Dungeon (2/15)

Altars:
Makhleb

Annotations:
D:2 Sigmund


Innate Abilities, Weirdness & Mutations

You are too large for most types of armour.
You have claws for hands.
Your metabolism is lightning-fast.
You like to eat raw meat.
Your natural rate of healing is unusually fast.
You are covered in fur. (AC +1)
You have very tough skin. (AC +2)


Message History

Firing (i - inventory):
f - a curare-tipped needle (quivered)
Press: ? - help, Shift-Dir - straight line You shoot a curare-tipped needle.
You're too confused to move!
You hear some strange, mumbled words.
You are more confused.
Something hits you but does no damage.
You completely miss something. Something hits you.
Wield which item (- for none, * to show all)? (? for menu, Esc to quit)
You are now empty-clawed.
You barely miss something.
You bump into the rock wall.
Something hits you.
You scratch something but do no damage. Something hits you!
* * * LOW HITPOINT WARNING * * *
You feel less confused.
Sigmund appears from thin air!
Reactivating autopickup.
Sigmund points at you and mumbles some strange words.
The puff of flame hits you!
You die...

#.........>....######..##.....#
#######.........### ##.##......
#..##.....(.## #.###.##..
#.(.##.......# #.# #.....
##...#...[#..###.####..##
#........#.......####...
##.##....#.####.......#.
#.###.....####.#####...
..#@@.........###....
#.#............#..###
#.#...#......<...##
#...............##
####...##.........#
#...(####.........# #...##(#
#.........#
###......##.........# ##
###..#.##....>....# #.


You could see Sigmund.

Vanquished Creatures
  3 adders (D:2)
  2 dart slugs
  A leopard gecko (D:1)
  3 bats (D:1)
  A giant cockroach (D:1)
  4 goblins (D:1)
  3 hobgoblins (D:2)
  3 frilled lizards (D:1)
  5 kobolds
  9 rats
34 creatures vanquished.

Notes
Turn   | Place    | Note
-------+----------+-------------------------------------------
     0 | D:1      | Rrauwl the Troll Assassin began the quest for the Orb.
     0 | D:1      | Reached XP level 1. HP: 19/19 MP: 0/0
    47 | D:1      | Reached skill level 1 in Dodging
    57 | D:1      | Reached XP level 2. HP: 28/28 MP: 1/1
   554 | D:2      | Reached XP level 3. HP: 18/36 MP: 2/2
   557 | D:2      | Reached skill level 1 in Armour
   568 | D:2      | HP: 1/36 [poisoned by an adder]
   573 | D:2      | HP: 1/36 [poisoned by an adder]
   796 | D:2      | Found a burning altar of Makhleb.
   866 | D:2      | Noticed Sigmund
   899 | D:2      | Killed from afar by Sigmund

Skill      XL: |  1  2  3 |
---------------+----------+-----
Throwing       | 2 |  2.0
Dodging        | 1 |  1.1
Fighting       | 2 |  2.6
Armour         | 1 |  1.4
Short Blades   | |  1.5
Stealth        | |  2.1

Action                   || total
-------------------------++-------
Melee: Unarmed           ||    92
       Blowgun           ||     1
 Fire: Blowgun           ||    10
  Use: Potion            ||     3
 Stab: Sleeping          ||     3
  Eat: Chunk             ||    14
Armor: Robe              ||    31
Dodge: Dodged            ||    49
